Map: Cyber Forest LE

Players

MaNa - Winner!

  • Race: Protoss Protoss
  • Spawn Location: 5:00

HydraOrc

  • Race: Protoss Protoss
  • Spawn Location: 11:00

Event: 2019 WCS Spring

VOD

Have the link to the VOD?

Description

Time

  • Played on: May 17, 2019, 6:25 a.m.
  • Length: 8:21

All games in this series

Show
View Real Time Build Order
Export as new Build Order

MaNa Protoss - Winner!

Build Orders: Zealot Archon 

Get SALT Encoding   

  12  0:00  Probe  
  13  0:12  Probe  
  14  0:19  Pylon  
  14  0:24  Probe  
  15  0:34  Probe  
  15  0:38  Gateway  
  15  0:42  Probe  
  16  0:48  Assimilator  
  17  0:51  Probe  
  17  0:56  Assimilator  
  18  1:02  Probe  
  19  1:10  Probe  
  19  1:12  Gateway  
  20  1:18  Probe  
  20  1:25  Cybernetics Core  
  21  1:30  Probe  
  22  1:34  Pylon  
  22  1:42  Probe  
  23  1:52  Warp Gate  
  23  1:54  Probe  
  24  2:02  Stalker  
  24  2:03  Sentry  
  24  2:06  Probe  
  29  2:11  Pylon  
  29  2:18  Probe  
  30  2:26  Pylon  
  30  2:29  Stalker  
  32  2:32  Stalker  
  34  2:37  Probe  
  35  2:55  Pylon  
  35  2:59  Sentry  
  35  3:03  Sentry  
  39  3:08  Nexus  
  39  3:14  Probe  
  40  3:20  Robotics Facility  
  40  3:26  Probe  
  41  3:38  Probe  
  41  3:40  Adept x2  
  46  3:50  Probe  
  47  3:55  Forge  
  47  3:58  Pylon  
  47  4:16  Probe  
  48  4:24  Immortal  
  52  4:28  Probe  
  53  4:31  Protoss Ground Weapons Level 1, Probe  
  54  4:41  Probe  
  54  4:43  Probe  
  56  4:46  Twilight Council  
  56  4:48  Shield Battery  
  56  4:55  Immortal  
  60  5:13  Probe  
  61  5:17  Stalker, Zealot  
  61  5:18  Pylon  
  61  5:24  Templar Archives  
  61  5:25  Assimilator  
  61  5:26  Assimilator  
  61  5:27  Gateway, Warp Prism  
  61  5:32  Charge  
  61  5:33  Shield Battery  
  63  5:44  Probe  
  63  5:49  Gateway  
  64  5:54  Adept  
  64  5:56  Probe  
  67  5:58  Probe  
  67  6:03  Pylon  
  68  6:07  Zealot  
  70  6:13  Probe x2  
  70  6:15  High Templar  
  74  6:21  High Templar  
  76  6:27  Archon  
  76  6:31  Zealot  
  67  6:44  Zealot  
  63  6:51  Probe x2  
  63  6:52  Zealot  
  53  7:02  High Templar x2  
  53  7:03  Probe  
  53  7:06  Archon  
  53  7:07  Zealot  
  60  7:12  Zealot  
  60  7:13  Probe  
  60  7:15  Probe  
  64  7:17  Gateway x2  
  64  7:21  Observer  
  64  7:22  Gateway  
  65  7:25  Probe  
  65  7:27  Probe  
  67  7:37  Probe  
  67  7:39  Probe  
  67  7:42  Zealot x3  
  75  7:48  Zealot  
  67  8:08  Zealot x4  
  73  8:18  Zealot x3  
Show
View Real Time Build Order
Export as new Build Order

HydraOrc Protoss 

Build Orders:  

Get SALT Encoding   

  12  0:00  Probe  
  13  0:12  Probe  
  14  0:20  Pylon  
  14  0:24  Probe  
  15  0:34  Probe  
  15  0:40  Gateway  
  16  0:43  Probe  
  16  0:44  Assimilator  
  17  0:53  Probe  
  17  0:56  Assimilator  
  18  1:02  Probe  
  18  1:09  Gateway  
  18  1:10  Probe  
  20  1:20  Probe  
  21  1:28  Cybernetics Core  
  21  1:32  Probe  
  22  1:38  Pylon  
  22  1:44  Probe  
  23  1:56  Probe  
  23  1:57  Warp Gate  
  24  2:05  Stalker x2  
  28  2:17  Pylon  
  28  2:18  Pylon  
  28  2:23  Probe  
  29  2:38  Probe  
  29  2:41  Sentry  
  32  2:48  Nexus  
  32  2:50  Probe  
  33  2:58  Probe  
  33  3:04  Shield Battery  
  34  3:09  Shield Battery  
  34  3:11  Probe  
  33  3:29  Robotics Facility  
  33  3:39  Probe  
  34  3:46  Stalker  
  34  3:48  Sentry  
  38  3:51  Probe  
  39  3:57  Probe  
  39  3:58  Pylon  
  40  4:03  Probe  
  40  4:05  Probe  
  40  4:09  Gateway  
  42  4:11  Stalker  
  42  4:15  Probe  
  42  4:17  Stalker  
  42  4:25  Probe  
  42  4:26  Gateway  
  41  4:39  Probe, Adept  
  41  4:41  Immortal  
  41  4:42  Probe  
  45  4:57  Probe  
  45  4:59  Probe  
  47  5:08  Warp Prism  
  47  5:09  Probe  
  44  5:20  Sentry x2  
  48  5:23  Sentry  
  50  5:29  Adept  
  52  5:42  Pylon  
  52  5:43  Stalker  
  52  5:44  Observer, Adept  
  57  5:52  Stalker  
  57  5:54  Adept  
  61  6:10  Adept x2  
  65  6:30  Zealot x2  
  61  6:40  Immortal  
  61  6:43  Zealot x2  
  53  6:51  Probe x2  
  47  7:00  Twilight Council  
  35  7:04  Forge  
  35  7:05  Sentry  
  35  7:06  Adept  
  39  7:15  Probe  
  40  7:17  Assimilator  
  40  7:20  Zealot, Adept  
  44  7:25  Immortal  
  44  7:27  Probe x2  
  46  7:34  Zealot x2  
  54  7:39  Probe  
  54  7:43  Zealot  
  57  7:49  Zealot  
  53  8:00  Zealot  
  53  8:01  Zealot  
  53  8:05  Zealot  
  45  8:09  Zealot  
Tags
 
Add a new tag
Caveats
  • Supply blocks, unpowered buildings, or Contaminate may cause inaccurate times.
  • Supply counts are checked every 10 seconds.